 Dungeon Crawl Stone Soup version 0.25.0-1-g7eea58d (webtiles) character file.

Game seed: 11046272639192094319

19455 Dorkslayer the Grappler (level 12, -5/107 HPs)
             Began as a Troll Fighter on July 5, 2020.
             Was a High Priest of Okawaru.
             Slain by a large slime creature (26 damage)
             ... on level 12 of the Dungeon on July 6, 2020.
             The game lasted 00:56:22 (10272 turns).

Dorkslayer the Grappler (Troll Fighter)            Turns: 10272, Time: 00:56:23

Health: -5/107     AC: 22    Str: 27    XL:     12   Next: 36%
Magic:  23/23      EV:  8    Int:  5    God:    Okawaru [*****.]
Gold:   733        SH: 11    Dex: 12    Spells: 11/11 levels left

rFire    . . .     SeeInvis +     - Unarmed
rCold    . . .     Gourm    +   b - +1 kite shield
rNeg     . . .     Faith    +   J - +0 shadow dragon scales
rPois    .         Spirit   .   r - +2 hat {SInv}
rElec    .         Reflect  .   F - scarf {repulsion}
rCorr    .         Harm     .   (gloves unavailable)
MR       .....                  (boots unavailable)
Stlth    ++........             x - amulet of faith
HPRegen  0.67/turn              f - +4 ring of protection
MPRegen  0.18/turn              B - ring of magical power

@: about to teleport, marked, repel missiles
A: large, unfitting armour, claws 3, fast metabolism 3, gourmand, regeneration
1, shaggy fur 1, tough skin 3
a: Heroism, Finesse, Renounce Religion


You were on level 12 of the Dungeon.
You worshipped Okawaru.
Okawaru was extremely pleased with you.
You were completely stuffed.

You visited 2 branches of the dungeon, and saw 13 of its levels.

You collected 733 gold pieces.

Inventory:

Hand Weapons
 q - a +4 scimitar of flaming
Missiles
 g - 66 poisoned darts
 i - 3 boomerangs (quivered)
 l - 8 javelins
 n - 7 curare-tipped darts
 y - a throwing net
Armour
 b - a +1 kite shield (worn)
 r - a +2 hat of see invisible (worn)
 F - a scarf of repulsion (worn)
 J - +0 shadow dragon scales (worn)
Jewellery
 f - a +4 ring of protection (left claw)
 x - an amulet of faith (around neck)
 B - a ring of magical power (right claw)
Wands
 a - a wand of disintegration (10)
 c - a wand of paralysis (1)
 k - a wand of random effects (28)
 u - a wand of iceblast (10)
 C - a wand of flame (27)
 E - a wand of acid (3)
 G - a wand of enslavement (7)
Scrolls
 e - 4 scrolls of fog
 h - 6 scrolls of teleportation
 j - a scroll of magic mapping
 o - a scroll of remove curse
 t - a scroll of immolation
 D - a scroll of fear
 I - a scroll of blinking {unknown}
Potions
 p - 2 potions of curing
 s - 3 potions of mutation
 v - 2 potions of flight {unknown}
 w - a potion of haste
 z - a potion of invisibility {unknown}
 A - a potion of cancellation {unknown}
 H - a potion of berserk rage {unknown}
Miscellaneous
 m - a phial of floods
Comestibles
 d - 24 rations
 K - a chunk of flesh


   Skills:
 + Level 4.0 Fighting
 * Level 1.1 Long Blades
 - Level 3.8 Throwing
 * Level 6.1 Armour
 + Level 5.7 Dodging
 + Level 5.6 Shields
 * Level 14.1 Unarmed Combat
 * Level 2.3 Invocations
 * Level 4.7 Evocations


You had 11 spell levels left.
You didn't know any spells.
Your spell library contained the following spells:

 Spells                   Type           Power        Failure   Level  Hunger
 Confusing Touch          Hex            #.......     100%        3    ####...
 Gell's Gravitas          Tloc           #.........   100%        3    ####...
 Petrify                  Tmut/Erth      #.......     100%        4    #####..
 Metabolic Englaciation   Hex/Ice        #.........   100%        5    ######.
 Yara's Violent Unravell  Hex/Tmut       #.........   100%        5    ######.


Dungeon Overview and Level Annotations

Branches:
Dungeon (12/15)            Temple (1/1) D:5            Lair (0/6) D:10
    Orc (0/2) D:10

Altars:
Ashenzari
Cheibriados
Dithmenos
Elyvilon
Fedhas
Gozag
Hepliaklqana
Kikubaaqudgha
Makhleb
Nemelex Xobeh
Okawaru
Qazlal
Ru
Sif Muna
Trog
Uskayaw
Vehumet
Wu Jian
Xom
Yredelemnul
Zin
The Shining One
Beogh

Shops:
D:5 (

Annotations:
D:12 Azrael, Rupert


Innate Abilities, Weirdness & Mutations

You are too large for most types of armour.
You have claws for hands.
Your metabolism is lightning-fast.
You like to eat raw meat.
Your natural rate of healing is unusually fast.
You are covered in fur. (AC +1)
You have extremely tough skin. (AC +3)


Message History

* * * LOW HITPOINT WARNING * * *
A hell hound comes into view.
An ogre comes into view. It is wielding a +0 giant club.
The slime creature hits you!
* * * LOW HITPOINT WARNING * * *
You block the unseen horror's attack.
You block the large slime creature's attack. x2
The shadow slips into darkness.
The shadow flickers and vanishes for a moment.
Okay, then.
You mangle the large slime creature!!
You kill the large slime creature!
Okawaru accepts your kill.
Your Fighting skill increases to level 4!
The unseen horror hits you but does no damage.
You block the unseen horror's attack.
The slime creature completely misses you.
A hell hound comes into view.
The large slime creature hits you!!
You die... #.... ### ##### #..# # #..## # #...# # h ###..## # ○O○

#.....### #
#.hR○##J##....## #
#...EhJ@.......#########
.....h##x....#.......#..
...@# ###....######....
... #.#^..# ##... W
#.##...# ##.) ($# ##..#
#.. $$ #..# #.. ...#
##<. #... ....


You could see Rupert, Azrael, a large slime creature, a slime creature, an
unseen horror (invisible), a fire elemental, 4 hell hounds, an ogre and a shadow
(invisible).

Vanquished Creatures
  Gastronok (D:9)
  A hydra (D:11)
  Erica (D:11)
  Urug (D:12)
  Sonja (D:12)
  2 unseen horrors
  The ghost of auberdahn the Chopper, a novice DDFi of Trog (D:6)
  Pikel (D:5)
  An ugly thing (D:11)
  A slime creature (D:12)
  Maggie (D:10)
  6 trolls
  A queen bee (D:9)
  3 hippogriffs
  Sigmund (D:5)
  14 yaks
  4 hogs (D:9)
  A human (D:9)
  3 hungry ghosts
  Edmund (D:4)
  A soldier ant (D:6)
  4 orc warriors
  5 sky beasts
  An eye of draining (D:9)
  2 ice beasts (D:6)
  3 phantoms
  2 black bears
  3 necrophages
  7 ogres
  3 wolves (D:10)
  3 centaurs
  4 bullfrogs
  Blork the orc (D:4)
  A wyvern zombie (D:10)
  3 scorpions
  17 killer bees
  5 wights (D:11)
  An electric eel (D:10)
  5 howler monkeys
  5 crimson imps
  2 centaur zombies
  2 bullfrog zombies (D:7)
  8 hounds
  7 orc priests
  4 jellies
  10 orc wizards
  A bullfrog skeleton (D:10)
  3 centaur skeletons
  Ijyb (D:4)
  4 iguanas
  Natasha (twice) (D:2)
  7 worker ants
  A killer bee zombie (D:10)
  A howler monkey zombie (D:9)
  12 adders
  4 shadow imps
  8 oozes (D:1)
  An adder skeleton (D:7)
  2 worms
  A dart slug (D:1)
  4 leopard geckos
  33 orcs
  13 giant cockroaches
  4 goblins
  5 hobgoblins
  5 jackals
  5 kobolds
  9 quokkas
  A ball python (D:1)
  4 bats
  3 frilled lizards
  2 jackal skeletons
  A leopard gecko skeleton (D:7)
  A quokka skeleton (D:9)
  A quokka zombie (D:5)
  13 rats
  A rat zombie (D:7)
308 creatures vanquished.

Vanquished Creatures (collateral kills)
  A yak (D:9)
  2 orcs (D:9)
3 creatures vanquished.

Vanquished Creatures (others)
  A yak (D:9)
  A water moccasin (D:5)
  A crimson imp (D:5)
  5 toadstools (D:2)
8 creatures vanquished.

Grand Total: 319 creatures vanquished

Notes
Turn   | Place    | Note
-------+----------+-------------------------------------------
     0 | D:1      | Dorkslayer the Troll Fighter began the quest for the Orb.
     0 | D:1      | Reached XP level 1. HP: 22/22 MP: 0/0
     0 | D:1      | Noticed a jelly
     3 | D:1      | Found a runed translucent door.
    10 | D:1      | Reached XP level 2. HP: 27/29 MP: 1/1
    23 | D:1      | Reached XP level 3. HP: 36/36 MP: 2/2
    35 | D:1      | Reached XP level 4. HP: 38/44 MP: 3/3
    38 | D:1      | Reached skill level 3 in Unarmed Combat
   725 | D:2      | You fall into a shaft and drop 2 floors!
   732 | D:4      | Noticed Edmund
   736 | D:4      | Noticed Blork the orc
   737 | D:4      | Noticed an ogre
   770 | D:4      | Killed Edmund
   770 | D:4      | Reached skill level 4 in Unarmed Combat
   770 | D:4      | Reached XP level 5. HP: 34/52 MP: 4/4
   852 | D:4      | Noticed a black bear
   876 | D:4      | Killed a black bear
   876 | D:4      | Reached skill level 1 in Throwing
   876 | D:4      | Reached skill level 1 in Armour
   876 | D:4      | Reached XP level 6. HP: 51/59 MP: 5/5
   878 | D:4      | Reached skill level 5 in Unarmed Combat
  1101 | D:4      | Killed Blork the orc
  1101 | D:4      | Reached XP level 7. HP: 67/67 MP: 6/6
  1639 | D:2      | Noticed Natasha
  1645 | D:2      | Killed Natasha
  1869 | D:2      | Noticed Natasha
  1877 | D:2      | Killed Natasha
  1877 | D:2      | Reached skill level 6 in Unarmed Combat
  2083 | D:3      | Found a faded altar of an unknown god.
  2162 | D:3      | Found a roughly hewn altar of Beogh.
  2420 | D:3      | Found a shattered altar of Ashenzari.
  2769 | D:3      | You fall into a shaft and drop 3 floors!
  2952 | D:6      | Noticed auberdahn's ghost (novice DDFi)
  2953 | D:6      | Found a runed translucent gate.
  2953 | D:6      | Found a runed translucent gate.
  2953 | D:6      | Found a runed translucent gate.
  2973 | D:5      | Entered Level 5 of the Dungeon
  2982 | D:5      | Reached skill level 7 in Unarmed Combat
  3024 | D:5      | Reached XP level 8. HP: 75/75 MP: 7/7
  3111 | D:4      | Noticed Ijyb
  3116 | D:4      | Killed Ijyb
  3413 | D:5      | Found a staircase to the Ecumenical Temple.
  3422 | Temple   | Entered the Ecumenical Temple
  3574 | D:5      | Found Laeluh Kiw's Antique Weapon Boutique.
  3892 | D:5      | Noticed Sigmund
  3900 | D:5      | Killed Sigmund
  3967 | D:5      | Noticed Pikel
  3994 | D:5      | Killed Pikel
  3994 | D:5      | Reached skill level 8 in Unarmed Combat
  3994 | D:5      | Reached skill level 1 in Evocations
  4171 | D:6      | Killed auberdahn's ghost
  4171 | D:6      | Reached skill level 9 in Unarmed Combat
  4171 | D:6      | Reached XP level 9. HP: 45/81 MP: 7/9
  4805 | D:6      | Reached skill level 10 in Unarmed Combat
  5257 | D:7      | Found an ancient bone altar of Kikubaaqudgha.
  5768 | D:8      | Reached XP level 10. HP: 91/91 MP: 10/10
  6141 | D:8      | Found an iron altar of Okawaru.
  6343 | D:9      | Reached skill level 11 in Unarmed Combat
  6679 | D:9      | Found a shadowy altar of Dithmenos.
  6690 | D:9      | Got a sheer robe
  6691 | D:9      | Identified the cursed +1 robe "Ingufigu" {Harm rF- Str+2}
                  | (You found it on level 9 of the Dungeon)
  7187 | D:9      | Reached skill level 12 in Unarmed Combat
  7710 | D:9      | Reached skill level 5 in Dodging
  7748 | D:8      | Became a worshipper of Warmaster Okawaru
  7828 | D:9      | Noticed Gastronok
  7852 | D:9      | Killed Gastronok
  7852 | D:9      | Reached * piety under Okawaru
  7852 | D:9      | Reached ** piety under Okawaru
  7852 | D:9      | Reached *** piety under Okawaru
  7852 | D:9      | Reached XP level 11. HP: 43/98 MP: 12/12
  7904 | D:10     | Entered Level 10 of the Dungeon
  7915 | D:9      | Reached skill level 5 in Shields
  7960 | D:10     | HP: 2/98 [wyvern zombie (9)]
  7975 | D:10     | Reached skill level 5 in Armour
  8187 | D:10     | Reached **** piety under Okawaru
  8427 | D:10     | Reached skill level 13 in Unarmed Combat
  8454 | D:10     | Found a staircase to the Lair.
  8509 | D:10     | Noticed Maggie
  8512 | D:10     | Reached ***** piety under Okawaru
  8518 | D:10     | Killed Maggie
  8588 | D:10     | Found a staircase to the Orcish Mines.
  8928 | D:11     | Noticed a four-headed hydra
  8977 | D:11     | Noticed a red ugly thing
  8983 | D:11     | Killed a red ugly thing
  9010 | D:11     | Noticed Erica
  9019 | D:11     | Killed Erica
  9019 | D:11     | Reached skill level 1 in Invocations
  9186 | D:11     | Got a dull robe
  9306 | D:11     | Received a gift from Okawaru
  9306 | D:11     | Reached XP level 12. HP: 107/107 MP: 14/14
  9338 | D:11     | Identified the cursed +1 robe of Pan-Flutes {MR- Str-5
                  | Int+9 Dex+2} (You found it on level 11 of the Dungeon)
 10013 | D:11     | Killed a one-headed hydra
 10084 | D:12     | Reached skill level 14 in Unarmed Combat
 10086 | D:12     | Got a bloodstained robe
 10097 | D:12     | Identified the +0 robe of Temperance {Int+6} (You found it
                  | on level 12 of the Dungeon)
 10131 | D:12     | Noticed Urug
 10145 | D:12     | Killed Urug
 10197 | D:12     | Noticed Sonja
 10210 | D:12     | Killed Sonja
 10210 | D:12     | Reached skill level 1 in Long Blades
 10268 | D:12     | Noticed Azrael
 10269 | D:12     | Noticed Rupert
 10272 | D:12     | Slain by a large slime creature

Illustrated notes

Levels and vault maps discovered:
D:1:      dpeg_arrival_caged_fury, layout_loops_ring
D:2:      layout_loops_corners, minmay_gold_behind_fungi, uniq_natasha
D:3:      layout_loops_ring, nicolae_ashenzari_panopticon, first_ration,
          chequers_ecumenical_altar_simple_redux, kennysheep_orc_chapel
D:4:      layout_cave_pools, uniq_edmund, uniq_blork_the_orc, uniq_ijyb
D:5:      layout_gridville, minmay_temple_entry_ruins, serial_shops, shop,
          abandoned_shop, minmay_misc_feat_diagonals, uniq_pikel, uniq_sigmund
D:6:      kennysheep_big_flooded_room, layout_basic, gammafunk_ghost_split,
          minmay_quadrilaterals
D:7:      layout_basic, lemuel_zombie_altar_kikubaaqudgha
D:8:      layout_loops_ring, nicolae_overflow_hidden_temple,
          minmay_misc_feat_pillars
D:9:      layout_grid_maze, nicolae_dithmenos_shadow_blocks, serial_glass,
          glass_columns_b, glass_columns_a, glass_columns_a, glass_columns_c,
          special_room [special_room_bee], grunt_livestock, uniq_gastronok
D:10:     layout_basic, erik_lair_island, orc_0_dummy, uniq_maggie
D:11:     layout_basic, uniq_erica
D:12:     layout_rooms, minivault_22, uniq_azrael, uniq_rupert, uniq_sonja,
          uniq_urug
Temple:   hc_temple_tempest_star

Skill      XL: |  1  2  3  4  5  6  7  8  9 10 11 12 |
---------------+-------------------------------------+-----
Dodging        | 3 4 5 |  5.7
Unarmed Combat | 4 5 7 9 10 12 13 14 | 14.1
Throwing       | 1 2 3 |  3.8
Armour         | 1 2 3 4 5 6 |  6.1
Shields        | 3 4 5 |  5.6
Fighting       | 3 4 |  4.0
Evocations     | 1 2 3 4 |  4.7
Invocations    | 1 2 |  2.3
Long Blades    | 1 |  1.1

Action                   |  1- 3 |  4- 6 |  7- 9 | 10-12 || total
-------------------------+-------+-------+-------+-------++-------
Melee: Unarmed           |    29 |   145 |   311 |   462 ||   947
       Scimitar          |       |       |       |     7 ||     7
Throw: Boomerang         |       |     4 |    23 |    46 ||    73
       Dart              |       |       |    13 |       ||    13
Evoke: Wand              |       |       |     5 |    64 ||    69
       Phial of floods   |       |       |       |     1 ||     1
  Use: Potion            |       |     1 |       |    11 ||    12
       Scroll            |       |       |     5 |    19 ||    24
 Stab: Sleeping          |       |       |     1 |     3 ||     4
       Paralysed         |       |       |       |     5 ||     5
  Eat: Chunk             |       |    14 |    44 |    48 ||   106
       Ration            |       |       |       |     1 ||     1
Armor: Robe              |     2 |    30 |    79 |   105 ||   216
       Steam dragon scal |       |       |       |    17 ||    17
       Troll leather arm |       |       |       |     3 ||     3
       Shadow dragon sca |       |       |       |    44 ||    44
Dodge: Dodged            |     7 |    45 |    71 |   185 ||   308
       Repelled          |       |       |       |     7 ||     7
Block: Kite shield       |     6 |    49 |   106 |   267 ||   428
